 Dungeon Crawl Stone Soup version 0.24-a0-70-gf44d0c5 (webtiles) character file.

Game seed: 11604118928158255495

67 galech the Skirmisher (level 4, 35/35 HPs)
             Began as a Demonspawn Fighter on Feb 6, 2019.
             Quit the game on level 2 of the Dungeon.
             The game lasted 00:01:28 (1159 turns).

galech the Skirmisher (Demonspawn Fighter)          Turns: 1159, Time: 00:01:29

Health: 35/35      AC:  9    Str: 17    XL:     4   Next: 0%
Magic:  4/4        EV:  4    Int:  9    God:
Gold:   84         SH:  9    Dex: 13    Spells: 3/3 levels left

rFire    . . .     SeeInvis .   q - +10 club
rCold    + . .     Gourm    .   c - +0 shield
rNeg     . . .     Faith    .   i - +0 chain mail
rPois    .         Spirit   .   (helmet restricted)
rElec    .         Reflect  .   (no cloak)
rCorr    .         Harm     .   (no gloves)
MR       .....                  (no boots)
Stlth    ..........             (no amulet)
HPRegen  0.11/turn              (no ring)
MPRegen  0.09/turn              (no ring)

@: no status effects
A: antennae 1, claws 1, cold resistance 1
a: no special abilities


You were on level 2 of the Dungeon.
You were not hungry.

You visited 1 branch of the dungeon, and saw 2 of its levels.

You collected 84 gold pieces.

Inventory:

Hand Weapons
 a - a +0 war axe
 q - a +10 club (weapon)
Armour
 b - a +0 scale mail
 c - a +0 shield (worn)
 i - a +0 chain mail (worn)
Scrolls
 e - a scroll of magic mapping
 g - a scroll of amnesia {unknown}
 j - 2 scrolls of identify {unknown}
 k - a scroll of blinking {unknown}
 n - a scroll of enchant weapon {unknown}
 o - 2 scrolls of teleportation {unknown}
Potions
 d - a potion of might
 h - a potion of ambrosia {unknown}
 l - a potion of heal wounds {unknown}
 m - 2 potions of agility {unknown}
Comestibles
 f - 5 rations
 p - 3 chunks of flesh


   Skills:
 + Level 3.4 Fighting
 + Level 2.8 Axes
 + Level 3.1 Armour
 + Level 0.3 Dodging
 + Level 3.0 Shields


You had 3 spell levels left.
You didn't know any spells.
Your spell library was empty.

Dungeon Overview and Level Annotations

Branches:
Dungeon (2/15)

Altars:


Innate Abilities, Weirdness & Mutations

You have a pair of small antennae on your head.
You have sharp fingernails.
Your flesh is cold resistant. (rC+)


Message History

You block the bat's attack. The bat hits you but does no damage.
You block the bat's attack.
You see here a +0 club.
You sock the bat!
You kill the bat!
You have reached level 4!
You feel stronger.
Your demonic ancestry asserts itself...
You feel resistant to cold.
Found a club.
You see here a frilled lizard corpse.
You butcher the frilled lizard corpse.
Some of the chunks of flesh in your inventory have rotted away.
p - 3 chunks of flesh (gained 1)
You see here a frilled lizard skeleton.
HP restored.
Found a hand axe.
No target in view!
Found a stone staircase leading down.
Are you sure you want to abandon this character and quit the game? (Confirm with "yes".)

#....).....#
#####..........#
####..............#
#.................# #
#...........####### #
#...........# #
#...........# #
#.....##÷..##
##############).@####
.......................>
.....##################.
................
.................
.................#
....÷............#
....)))...........
###.).)......#....


There were no monsters in sight!

Vanquished Creatures
  Robin (D:2)
  2 dart slugs
  A giant cockroach (D:1)
  13 goblins
  11 hobgoblins
  6 jackals
  A quokka (D:2)
  A ball python (D:2)
  4 bats
  A frilled lizard (D:2)
  2 kobolds
  2 rats
45 creatures vanquished.

Notes
Turn   | Place    | Note
-------+----------+-------------------------------------------
     0 | D:1      | galech the Demonspawn Fighter began the quest for the Orb.
     0 | D:1      | Reached XP level 1. HP: 18/18 MP: 1/1
   232 | D:1      | Gained mutation: You have sharp fingernails. [demonic
                  | ancestry]
   232 | D:1      | Reached XP level 2. HP: 23/24 MP: 2/2
   894 | D:2      | Noticed Robin
   901 | D:2      | Gained mutation: You have a pair of small antennae on your
                  | head. [demonic ancestry]
   901 | D:2      | Reached XP level 3. HP: 17/29 MP: 3/3
   903 | D:2      | Killed Robin
  1145 | D:2      | Gained mutation: Your flesh is cold resistant. (rC+)
                  | [demonic ancestry]
  1145 | D:2      | Reached XP level 4. HP: 34/35 MP: 4/4
  1159 | D:2      | Quit the game

Vault maps used:
D:1:      giann_bridges, layout_basic, hangedman_decor_points
D:2:      layout_basic, first_ration, uniq_robin

Skill      XL: |  1  2  3 |
---------------+----------+-----
Axes           | 2 |  2.8
Armour         | 3 |  3.1
Shields        | 3 |  3.0
Fighting       | |  3.4
Dodging        | |  0.3

Action                   |  1- 3 |  4- 6 || total
-------------------------+-------+-------++-------
Melee: War axe           |    90 |       ||    90
       Club              |     8 |       ||     8
  Use: Scroll            |     2 |       ||     2
  Eat: Chunk             |     1 |       ||     1
Armor: Chain mail        |   104 |       ||   104
Dodge: Dodged            |    29 |       ||    29
Block: Shield            |    64 |       ||    64

Table legend:
 A = Non-vault XP
 B = Vault XP
 C = Vault XP percentage of total XP
 D = Non-vault monster count
 E = Vault monster count
 F = Vault count percentage of total count
                 A         B        C        D         E       F
            +---------+---------+-------+---------+---------+-------
      Total |      59 |      38 |  39.2 |      32 |      13 |  28.9
            +---------+---------+-------+---------+---------+-------
        D:1 |      24 |       0 |   0.0 |      14 |       0 |   0.0
        D:2 |      35 |      38 |  52.1 |      18 |      13 |  41.9
            +---------+---------+-------+---------+---------+-------
